 Dungeon Crawl Stone Soup version 0.30-a0-422-g946f4849ff (webtiles) character file.

Game seed: 17280554996604927126

9 McMuffin the Covered (level 2, -3/25 HPs)
             Began as a Djinni Fighter on Dec 8, 2022.
             Slain by Natasha (5 damage)
             ... on level 2 of the Dungeon.
             The game lasted 00:02:16 (511 turns).

McMuffin the Covered (Djinni Fighter)                Turns: 511, Time: 00:02:16

Health: -3/25      AC:  6    Str: 15    XL:     2   Next: 20%
Gold:   40         EV:  8    Int:  9    God:
                   SH:  4    Dex: 12

rFire   + + .      SeeInvis .    a - +0 long sword
rCold   x . .      Faith    .    c - +0 buckler
rNeg    . . .      Spirit   .    b - +0 scale mail
rPois   ∞          Reflect  .    (no helmet)
rElec   .          Harm     .    (no cloak)
rCorr   .          Rampage  .    (no gloves)
Will    .....                    (boots unavailable)
Stlth   ..........               (no amulet)
HPRegen 0.24/turn                (no ring)
MPRegen 0.00/turn                (no ring)

@: flying
A: sickness immunity, fire resistance 2, cold vulnerability 1, float, innate
caster, HP casting, extra vitality 1
a: no special abilities


You were on level 2 of the Dungeon.
You visited 1 branch of the dungeon, and saw 2 of its levels.

You collected 40 gold pieces.

Inventory:

Hand Weapons
 a - a +0 long sword (weapon)
Armour
 b - a +0 scale mail (worn)
 c - a +0 buckler (worn)
Scrolls
 e - a scroll of poison {unknown}
 f - a scroll of noise {unknown}
Potions
 d - a potion of might
 g - 2 potions of degeneration {unknown}


   Skills:
 + Level 3.0 Fighting
 + Level 1.8 Long Blades
 + Level 3.3 Armour
 + Level 0.2 Stealth
 + Level 3.0 Shields


You had one spell level left.
You didn't know any spells.
Your spell library was empty.

Dungeon Overview and Level Annotations

Branches:
Dungeon (2/15)

Altars:

Annotations:
D:2 Natasha


Innate Abilities, Weirdness & Mutations

You are immune to sickness and miasma.
You are immune to poison.
Your flesh is very heat resistant. (rF++)
You are vulnerable to cold. (rC-)
You float through the air rather than walking.
You learn spells naturally, not from books.
Your magical power is your life essence.
You have superior vitality. (+4 MHP)


Message History

The kobold completely misses you.
You slash the kobold!
You kill the kobold!
You have reached level 2!
Things that are here:
a +0 short sword; a stone; a kobold corpse
There is a stone staircase leading up here.
You miss the goblin. The goblin hits you with a +0 club.
You closely miss the goblin. The goblin closely misses you.
The goblin hits you but does no damage.
You slash the goblin!
You kill the goblin!
Things that are here:
a +0 club; a goblin corpse
Found a hand axe.
Found 8 gold pieces.
Natasha and a frilled lizard come into view.
Natasha is carrying a wand of flame (20).
Natasha hisses angrily.
Natasha zaps a wand.
The puff of flame hits you. You resist.
Natasha wildly gestures.
Natasha's front paws start to glow.
Natasha mumbles some strange words.
The frilled lizard barely misses you.
You miss the frilled lizard. The frilled lizard closely misses you.
You slash the frilled lizard!
You kill the frilled lizard!
Natasha zaps a wand.
The puff of flame hits you. You resist. The iron imp hits you.
Natasha zaps a wand.
The puff of flame hits you. You resist. The iron imp hits you.
Natasha closely misses you.
You hit Natasha.
Natasha is moderately wounded.
The iron imp misses you. Natasha claws you.
You slash Natasha!
Natasha is severely wounded.
The iron imp hits you!
* * * LOW HITPOINT WARNING * * *
Natasha claws you.
You die...

# #### .. ##... ...
##.... .... #.>...
...$.## #.....
.......############.....
......h@................
....##5#######.##.#.....
. #. #.#..#..>.. ##
#.#.###.).< #..) ##...
#..# #### ..## # ...# #
.


You could see an iron imp (summoned) and Natasha.

Vanquished Creatures
  2 goblins
  A kobold (D:2)
  A quokka (D:1)
  A ball python (D:1)
  A bat (D:1)
  2 frilled lizards
  A rat (D:1)
9 creatures vanquished.

Notes
Turn   | Place    | Note
-------+----------+-------------------------------------------
     0 | D:1      | McMuffin the Djinni Fighter began the quest for the Orb.
     0 | D:1      | Reached XP level 1. HP: 20/20 MP: 0/0
   453 | D:2      | Reached XP level 2. HP: 25/25 MP: 0/0
   503 | D:2      | Noticed Natasha
   511 | D:2      | Slain by Natasha

Illustrated notes

Levels and vault maps discovered:
D:1:      mushboom_english_gardens, layout_basic
D:2:      layout_rooms, ebering_ecumenical_altar_abandoned, uniq_jessica,
          uniq_natasha

Action                   || total
-------------------------++-------
Melee: Long sword        ||    24
Armor: Scale mail        ||    17
Dodge: Dodged            ||    18
Block: Buckler           ||     6

Table legend: (Time is in decaauts)
 A = Elapsed time spent in this place.
 B = Non-inter-level travel time spent in this place.
 C = Inter-level travel time spent in this place.
 D = Time resting spent in this place.
 E = Time spent auto-exploring this place.
 F = Levels seen in this place.
 G = Mean time per level.
                   A        B        C        D        E       F      G
               +--------+--------+--------+--------+--------+-----+--------+
         Total |    519 |    519 |      0 |      0 |      0 |   2 |  259.5 |
       Dungeon |    519 |    519 |      0 |      0 |      0 |   2 |  259.5 |
               +--------+--------+--------+--------+--------+-----+--------+

Top non-repeatable levels by time:
     D:1: 456 daAuts
     D:2: 63 daAuts
